 Dungeon Crawl Stone Soup version 0.24-a0-380-g7ade4d1b3c (webtiles) character file.

Game seed: 3827279650548591555

611 D1HalberdGnoll the Chopper (level 7, 0/61 HPs)
             Began as a Pale Draconian Chaos Knight on June 3, 2019.
             Was a Plaything of Xom.
             Slain by a wyvern zombie (7 damage)
             ... on level 5 of the Dungeon.
             The game lasted 00:04:23 (3879 turns).

D1HalberdGnoll the Chopper (DrCK)                   Turns: 3879, Time: 00:04:23

Health: 0/61       AC:  7    Str: 16    XL:     7   Next: 20%
Magic:  0/7        EV: 11    Int: 12    God:    Xom [.....*]
Gold:   289        SH:  8    Dex: 11    Spells: 6/6 levels left

rFire    . . .     SeeInvis .   a - +1 hand axe (chaos)
rCold    . . .     Gourm    .   s - +0 shield
rNeg     . . .     Faith    .   (armour unavailable)
rPois    .         Spirit   +   (helmet restricted)
rElec    .         Reflect  .   (no cloak)
rCorr    .         Harm     .   (no gloves)
MR       ++...                  o - +0 pair of boots
Stlth    +.........             k - amulet of guardian spirit
HPRegen  0.20/turn              e - ring of protection from magic
MPRegen  0.10/turn              v - ring of protection from magic

@: short of breath
A: breathe steam, unfitting armour, cold-blooded, AC +6
a: Breathe Steam, Renounce Religion


You were on level 5 of the Dungeon.
You worshipped Xom.
You were Xom's teddy bear.
You were hungry.

You visited 2 branches of the dungeon, and saw 6 of its levels.
You also visited: Ossuary.

You collected 289 gold pieces.

Inventory:

Hand Weapons
 a - a +1 hand axe of chaos (weapon)
Armour
 o - a +0 pair of boots (worn)
 s - a +0 shield (worn)
Jewellery
 e - a ring of protection from magic (left hand)
 k - an amulet of guardian spirit (around neck)
 v - a ring of protection from magic (right hand)
Wands
 p - a wand of polymorph (11)
 w - a wand of iceblast (6)
Scrolls
 d - 4 scrolls of teleportation
 g - 3 scrolls of remove curse {unknown}
 h - 2 scrolls of amnesia {unknown}
 j - 2 scrolls of enchant weapon
 r - a scroll of immolation
 t - a scroll of identify
 x - 4 scrolls of random uselessness {unknown}
 y - a scroll of magic mapping {unknown}
 E - 3 scrolls of blinking {unknown}
Potions
 c - a potion of haste {unknown}
 f - 2 potions of heal wounds {unknown}
 i - a potion of resistance {unknown}
 l - a potion of agility {unknown}
 m - 3 potions of lignification {unknown}
 n - 3 potions of curing {unknown}
 q - 3 potions of berserk rage
 u - 3 potions of flight {unknown}
 z - 8 potions of degeneration {unknown}
 A - a potion of magic {unknown}
 B - 4 potions of mutation {unknown}
 C - a potion of cancellation {unknown}
Comestibles
 b - 10 rations


   Skills:
 + Level 5.0 Fighting
 * Level 5.8 Axes
 + Level 3.9 Dodging
 + Level 2.7 Shields


You had 6 spell levels left.
You didn't know any spells.
Your spell library contained the following spells:

 Spells                   Type           Power        Failure   Level  Hunger
 Confusing Touch          Hex            #.....       85%         1    ##.....
 Confuse                  Hex            #.......     99%         3    ####...
 Gell's Gravitas          Tloc           #.........   99%         3    ####...
 Petrify                  Tmut/Erth      #.......     100%        4    #####..
 Metabolic Englaciation   Hex/Ice        #.........   100%        5    ######.
 Yara's Violent Unravell  Hex/Tmut       #.........   100%        5    ######.


Dungeon Overview and Level Annotations

Branches:
Dungeon (5/15)             Temple (1/1) D:4

Altars:
Cheibriados
Dithmenos
Elyvilon
Fedhas
Gozag
Hepliaklqana
Nemelex Xobeh
Okawaru
Sif Muna
Wu Jian
Xom
Yredelemnul
The Shining One

Annotations:
D:4 2 transporters, dcsswall's ghost, amateur OgWz


Innate Abilities, Weirdness & Mutations

You can breathe blasts of scalding, opaque steam.
Your pale cyan-grey scales are hard. (AC +6)
You cannot fit into any form of body armour.
You are cold-blooded and may be slowed by cold attacks.


Message History

Aim: a wyvern zombie (heavily damaged)
You exhale a blast of scalding steam.
The ball of steam hits the wyvern zombie.
The wyvern zombie is heavily damaged.
You feel somewhat more hungry.
The wyvern zombie is engulfed in a cloud of scalding steam.
The wyvern zombie bites you!
* * * LOW HITPOINT WARNING * * *
You barely miss the wyvern zombie.
You tail-slap the wyvern zombie, but do no damage.
The wyvern zombie is severely damaged.
The wyvern zombie is engulfed in a cloud of scalding steam.
You block the wyvern zombie's attack.
The wyvern zombie is engulfed in a cloud of scalding steam.
The wyvern zombie bites you!
* * * LOW HITPOINT WARNING * * *
The wyvern zombie is engulfed in a cloud of scalding steam.
The wyvern zombie bites you!
You die...
Xom yawns loudly!

.#.<..# #.#####.#
)#.######.......###
.#.# #............#
...# #.##########.#
#.## #.# #.# #.####.#
###.### #......#
#.....# ######.#
####>...§###.### #.#
#....@Z.§.§....#
######.#
#.##..†..##......
.......#####.##...†_#
##...
<............####)#.#
#
######.##########.#.#
#............#.#
##############.# #.#
..#


You could see a wyvern zombie.

Vanquished Creatures
  A sky beast (D:5)
  An ogre (D:5)
  A howler monkey (D:5)
  2 centaur zombies (Ossuary)
  4 orc wizards
  A worker ant (D:4)
  A big kobold zombie (Ossuary)
  4 mummies (Ossuary)
  4 adders
  An ooze (D:2)
  2 dart slugs
  4 leopard geckos
  9 orcs
  3 ball pythons (D:3)
  4 giant cockroaches
  2 gnoll zombies (Ossuary)
  7 goblins
  7 hobgoblins
  3 jackals (D:1)
  6 kobolds
  A quokka (D:2)
  6 bats
  6 frilled lizards
  2 goblin zombies (Ossuary)
  A hobgoblin zombie (Ossuary)
  An orc zombie (Ossuary)
  4 rats
88 creatures vanquished.

Vanquished Creatures (others)
  A yak (D:5)
  3 slaves (D:5)
4 creatures vanquished.

Grand Total: 92 creatures vanquished

Notes
Turn   | Place    | Note
-------+----------+-------------------------------------------
     0 | D:1      | D1HalberdGnoll the Draconian Chaos Knight began the quest
                  | for the Orb.
     0 | D:1      | Reached XP level 1. HP: 19/19 MP: 1/1
    38 | D:1      | XOM: harmless Hex miscast
   124 | D:1      | Reached XP level 2. HP: 26/26 MP: 2/2
   411 | D:1      | Reached XP level 3. HP: 31/31 MP: 3/3
   603 | D:1      | XOM: harmless Erth miscast
  1153 | D:2      | Found an opulent altar of Gozag.
  1350 | D:2      | XOM: noise
  1388 | D:2      | XOM: mild Summ miscast
  1557 | D:3      | XOM: harmless Conj miscast
  1616 | D:3      | Found a snail-covered altar of Cheibriados.
  1754 | D:3      | Reached XP level 4. HP: 37/40 MP: 4/4
  1765 | D:3      | XOM: noise
  1802 | D:3      | Reached skill level 1 in Shields
  1802 | D:3      | Reached XP level 5. HP: 8/46 MP: 5/5
  2212 | D:3      | XOM: god gift: 18 stones
  2306 | D:3      | XOM: mild Erth miscast
  2415 | D:3      | XOM: god gift: wand of iceblast (6)
  2449 | D:4      | Found a sand-covered staircase.
  2458 | Ossuary  | Entered an ossuary
  2494 | Ossuary  | XOM: cast spell 'Summon Horrible Things'
  2768 | Ossuary  | Reached skill level 5 in Axes
  3103 | Ossuary  | Reached XP level 6. HP: 53/53 MP: 4/6
  3157 | D:4      | Found a transporter.
  3172 | D:4      | Noticed dcsswall's ghost (amateur OgWz)
  3187 | D:4      | Found a transporter.
  3202 | D:4      | Found a staircase to the Ecumenical Temple.
  3213 | Temple   | Entered the Ecumenical Temple
  3486 | D:4      | XOM: god gift: robe {god gift}
  3657 | D:5      | Entered Level 5 of the Dungeon
  3660 | D:5      | Noticed a slave
  3663 | D:5      | Noticed Pikel
  3663 | D:5      | Noticed a slave
  3663 | D:5      | Noticed a slave
  3668 | D:5      | Noticed Pikel
  3668 | D:5      | Pikel changed into Pikel the yak
  3669 | D:5      | Killed Pikel the yak
  3669 | D:5      | Killed a slave
  3669 | D:5      | Killed a slave
  3669 | D:5      | Killed a slave
  3669 | D:5      | XOM: divine lightning
  3672 | D:5      | Noticed a freed slave
  3711 | D:5      | XOM: polymorph hound -> howler monkey
  3765 | D:5      | Your scales start taking on a pale cyan-grey colour.
  3765 | D:5      | Reached XP level 7. HP: 40/60 MP: 4/7
  3818 | D:5      | XOM: scenery: create altars
  3826 | D:5      | XOM: confuse monster(s)
  3844 | D:5      | Reached skill level 5 in Fighting
  3879 | D:5      | Slain by a wyvern zombie

Levels and vault maps discovered:
D:1:      dpeg_arrival_snail, layout_loops_ring, minmay_crystal_water,
          minivault_25
D:2:      layout_basic, nicolae_gozag_cash_rules_everything_around_me
D:3:      layout_rooms, cheibriados_altar_1
D:4:      layout_cave_pools, minmay_temple_entry_stoned_glass, first_ration,
          enter_ossuary_1, gammafunk_ghost_stat_death
D:5:      layout_loops_ring, chequers_temple_overflow_statue_of_worship,
          uniq_crazy_yiuf_cottage, uniq_pikel
Temple:   cyrus_temple_forest

Skill      XL: |  1  2  3  4  5  6  7 |
---------------+----------------------+-----
Axes           | 4 5 |  5.8
Fighting       | 4 5 |  5.0
Dodging        | 3 |  3.9
Shields        | 1 2 |  2.7

Action                   |  1- 3 |  4- 6 |  7- 9 || total
-------------------------+-------+-------+-------++-------
Melee: Hand axe          |   124 |   165 |    19 ||   308
       Tailslap          |     7 |    33 |     5 ||    45
 Abil: Breathe Steam     |       |       |     2 ||     2
Evoke: Wand              |       |     2 |       ||     2
  Use: Potion            |       |     1 |       ||     1
       Scroll            |       |     5 |       ||     5
 Stab: Sleeping          |     1 |       |       ||     1
       Petrified         |       |     9 |       ||     9
       Distracted        |       |     1 |       ||     1
  Eat: Chunk             |     3 |     3 |       ||     6
       Ration            |       |     1 |       ||     1
Armor: Skin              |    36 |    45 |     4 ||    85
Dodge: Dodged            |    72 |    64 |     5 ||   141
Block: Shield            |       |    46 |     8 ||    54

Table legend:
 A = Non-vault XP
 B = Vault XP
 C = Vault XP percentage of total XP
 D = Non-vault monster count
 E = Vault monster count
 F = Vault count percentage of total count
                 A         B        C        D         E       F
            +---------+---------+-------+---------+---------+-------
      Total |     663 |     211 |  24.1 |      75 |      14 |  15.7
            +---------+---------+-------+---------+---------+-------
        D:1 |      43 |       0 |   0.0 |      23 |       0 |   0.0
        D:2 |      33 |       0 |   0.0 |      16 |       0 |   0.0
        D:3 |     155 |       0 |   0.0 |      25 |       0 |   0.0
        D:4 |     119 |       0 |   0.0 |       6 |       0 |   0.0
        D:5 |     313 |      16 |   4.9 |       5 |       1 |  16.7
    Ossuary |       0 |     195 | 100.0 |       0 |      13 | 100.0
            +---------+---------+-------+---------+---------+-------
